 Dungeon Crawl Stone Soup version 0.27.1-34-g3ba077fa99 (webtiles) character file.

Game seed: 13479752937649385768

23545 Gengis the Archer (level 12, -7/107 HPs)
             Began as a Minotaur Hunter on Jan 25, 2022.
             Was an Initiate of Gozag.
             Mangled by an ettin (22 damage)
             ... on level 1 of the Orcish Mines on Jan 26, 2022.
             The game lasted 01:00:01 (18519 turns).

Gengis the Archer (Minotaur Hunter)                Turns: 18519, Time: 01:00:02

Health: -7/107     AC: 22    Str: 22    XL:     12   Next: 72%
Magic:  0/11       EV: 14    Int:  8    God:    Gozag
Gold:   1996       SH:  0    Dex: 17    Spells: 11/11 levels left

rFire    . . .     SeeInvis .   a - +2 shortbow (vorpal)
rCold    . . .     Faith    .   (shield currently unavailable)
rNeg     . . .     Spirit   +   g - +3 plate armour {Will+}
rPois    .         Reflect  .   e - +2 hat
rElec    .         Harm     .   v - +0 cloak
rCorr    .         Rampage  .   (no gloves)
Will     +....                  o - +0 pair of boots
Stlth    ..........             B - amulet of guardian spirit
HPRegen  0.27/turn              l - +6 ring of strength
MPRegen  0.12/turn              h - +4 ring of evasion

@: hasted, very quick
A: horns 2, retaliatory headbutt, talons 1
a: Renounce Religion, Potion Petition, Call Merchant, Bribe Branch


You were on level 1 of the Orcish Mines.
You worshipped Gozag.
Gozag was most pleased with you.
You visited 4 branches of the dungeon, and saw 15 of its levels.

You collected 3973 gold pieces.
You spent 1043 gold pieces at shops.
You paid 934 gold pieces to Gozag.

Inventory:

Hand Weapons
 a - a +2 vorpal shortbow (weapon)
 G - the +7 long sword of Conscience {protect, rPois}
   (You found it on level 9 of the Dungeon)

   It grants its wielder temporary protection when it strikes (+7 to AC).
   rPois:     It protects you from poison.
Missiles
 j - 15 arrows (quivered ammo)
Armour
 e - a +2 hat (worn)
 g - a +3 plate armour of willpower (worn)
 o - a +0 pair of boots (worn)
 p - a +0 tower shield
 v - a +0 cloak (worn)
Jewellery
 c - the ring of the Shouting Coward {Fire Will+ Str+3 Int+3 Dex-2}
   (You took it off an orc on level 7 of the Dungeon)

   [ring of fire]

   It enhances your fire magic.
   Str:       It affects your strength (+3).
   Int:       It affects your intelligence (+3).
   Dex:       It affects your dexterity (-2).
   rF:        It protects you from fire.
   rC:        It makes you vulnerable to cold.
   Will:      It increases your willpower.
 h - a +4 ring of evasion (right hand)
 l - a +6 ring of strength (left hand)
 s - a ring of flight
 z - a ring of protection from fire
 A - a ring of positive energy
 B - an amulet of guardian spirit (around neck)
 E - a ring of fire
Wands
 d - a wand of digging (2)
 i - a wand of mindburst (11)
 k - a wand of flame (17)
 m - a wand of iceblast (43)
 t - a wand of polymorph (4)
 y - a wand of acid (12)
Scrolls
 b - a scroll of amnesia
 n - a scroll of teleportation
 q - a scroll of blinking
 u - a scroll of magic mapping
 w - a scroll of fog
Potions
 f - a potion of lignification {unknown}
 r - 4 potions of mutation
 x - a potion of might {unknown}
 C - 2 potions of curing
 D - a potion of cancellation
 F - 2 potions of haste


   Skills:
 - Level 10.5 Fighting
 * Level 7.5 Long Blades
 - Level 3.1(5.1) Axes
 - Level 6.3(6.7) Polearms
 - Level 14.8 Bows
 - Level 9.6 Armour
 - Level 6.5 Dodging
 + Level 2.5 Stealth
 * Level 6.1 Shields
 + Level 0.7 Evocations


You had 11 spell levels left.
You didn't know any spells.
Your spell library contained the following spells:

 Spells                   Type           Power      Damage    Failure   Level
 Corona                   Hex            0%         N/A       99%         1
 Foxfire                  Conj/Fire      0%         2x1d4     99%         1
 Freeze                   Ice            0%         1d3       99%         1
 Magic Dart               Conj           0%         1d3       99%         1
 Pain                     Necr           0%         1d4       99%         1
 Shock                    Conj/Air       0%         1d3       99%         1
 Blink                    Tloc           N/A        N/A       100%        2
 Call Imp                 Summ           0%         N/A       100%        2
 Ensorcelled Hibernation  Hex/Ice        0%         N/A       100%        2
 Frozen Ramparts          Ice            0%         1d2       100%        3
 Gell's Gravitas          Tloc           0%         N/A       100%        3
 Mephitic Cloud           Conj/Pois/Air  0%         N/A       100%        3
 Ozocubu's Armour         Ice            0%         N/A       100%        3
 Summon Guardian Golem    Hex/Summ       0%         N/A       100%        3
 Tukima's Dance           Hex            0%         N/A       100%        3
 Hailstorm                Conj/Ice       0%         3d3       100%        4
 Agony                    Necr           0%         N/A       100%        5
 Excruciating Wounds      Necr           0%         N/A       100%        5
 Freezing Cloud           Conj/Ice/Air   0%         6-21      100%        5
 Metabolic Englaciation   Hex/Ice        0%         N/A       100%        5
 Conjure Ball Lightning   Conj/Air       0%         3x3d6     100%        6
 Simulacrum               Ice/Necr       0%         N/A       100%        6
 Malign Gateway           Summ/Tloc      0%         N/A       100%        7
 Orb of Destruction       Conj           0%         N/A       100%        7
 Spellforged Servitor     Conj/Summ      0%         N/A       100%        7
 Storm Form               Tmut/Air       0%         N/A       100%        7
 Borgnjor's Revivificati  Necr           0%         N/A       100%        8
 Ignition                 Fire           0%         3d3       100%        8
 Maxwell's Capacitive Co  Air            0%         ∞         100%        8
 Necromutation            Tmut/Necr      0%         N/A       100%        8
 Death's Door             Necr           0%         N/A       100%        9


Dungeon Overview and Level Annotations

Branches:
Dungeon (10/15)            Temple (1/1) D:4            Lair (2/6) D:8
    Orc (2/2) D:10            Elf (0/3) Orc:2
  Swamp: Lair:2-4    Shoals: Lair:2-4     Snake: Lair:2-4    Spider: Lair:2-4

Altars:
Cheibriados
Dithmenos
Fedhas
Gozag
Hepliaklqana
Kikubaaqudgha
Nemelex Xobeh
Okawaru
Qazlal
Ru
Sif Muna
Trog
Uskayaw
Vehumet
Wu Jian
Xom
Yredelemnul
Zin
The Shining One
Beogh

Shops:
D:2 !   D:6 [   D:8 (:   Orc:2 (

Portals:
Trove: D:10 (give morningstar "Eos")

Annotations:
Lair:2 Prince Ribbit


Innate Abilities, Weirdness & Mutations

You have a pair of horns on your head.
You reflexively headbutt those who attack you in melee.
You have sharp toenails.


Message History

You feel yourself speed up.
You climb downwards.
The two-headed ogre hits you with a +0 giant club.
The two-headed ogre hits you but does no damage.
There is a stone staircase leading up here.
You shoot an arrow.
The arrow hits the ettin but does no damage.
You shoot an arrow. The arrow hits the ettin.
The ettin is lightly wounded.
The ettin barely misses you. x2
The two-headed ogre hits you with a +0 giant club!!
The two-headed ogre hits you with a +0 giant club.
You shoot an arrow. The arrow hits the ettin!
The ettin is moderately wounded.
You shoot an arrow. The arrow barely misses the ettin.
The ettin closely misses you. You furiously retaliate!
You headbutt the ettin. The ettin closely misses you.
You shoot an arrow. The arrow hits the ettin!
The ettin is heavily wounded.
The two-headed ogre hits you with a +0 giant club!
The two-headed ogre barely misses you.
You shoot an arrow.
The arrow hits the ettin but does no damage.
The ettin is heavily wounded.
The ettin hits you with a +0 dire flail!
The ettin hits you with a +0 dire flail!!
You are too injured to fight recklessly!
The two-headed ogre hits you with a +0 giant club.
The two-headed ogre hits you with a +0 giant club!
* * * LOW HITPOINT WARNING * * *
You climb upwards.
There is a stone staircase leading down here.
The ettin misses you. You furiously retaliate!
You headbutt the ettin.
The ettin hits you with a +0 dire flail!!
* * * LOW HITPOINT WARNING * * *
There is a staircase back to the Dungeon, spattered with blood here.
The ettin hits you but does no damage.
The ettin hits you with a +0 dire flail!!
You die...
Your body crumbles into a pile of gold.

#...#......##
#....#....##
##........##
##...#.....#
#..........#
##......#.#####
#.....##.###.##
##...C.....#...##
#....@O.#.###...#
##.........#...##
###............#
#............##
#...#.......##
#........####
##...#....#
#...####..##
##.## #...#


You could see an ettin and a two-headed ogre.

Vanquished Creatures
  3 hydras
  6 two-headed ogres
  2 ogre magi (Orc:2)
  The ghost of Zappman123 the Cleaver, a novice PaAK of Lugonu (D:6)
  An ugly thing (D:7)
  3 cyclopes
  A manticore (D:8)
  5 elephants
  Maurice (D:8)
  2 black mambas
  A cane toad (Lair:1)
  A rime drake (Lair:1)
  3 komodo dragons
  4 trolls
  2 hornets (D:8)
  A shadow (D:10)
  A wraith (D:9)
  10 yaks
  Eustachio (D:4)
  A wyvern (Lair:1)
  A basilisk (Lair:1)
  2 vampire mosquitoes
  A steam dragon (D:7)
  The ghost of mcbry74 the Insei, an amateur MfTm (D:3)
  2 wargs (Orc:2)
  2 water moccasins (D:7)
  An acid dragon (D:8)
  A swamp drake (D:10)
  2 sky beasts
  An ice beast (D:7)
  5 orc warriors
  10 ogres
  3 necrophages
  3 black bears
  4 centaurs
  4 kobold brigands
  5 bullfrogs
  3 scorpions
  A water moccasin skeleton (D:6)
  15 killer bees
  A wight (D:8)
  7 howler monkeys
  A centaur zombie (D:8)
  2 centaur skeletons (D:6)
  2 jellies
  7 orc priests
  4 hounds
  3 gnoll shamans
  2 bullfrog skeletons
  An iguana (D:5)
  6 orc wizards
  A scorpion zombie (D:5)
  A hound zombie (D:5)
  2 hound skeletons
  2 howler monkey skeletons
  9 gnolls
  4 howler monkey zombies
  9 adders
  A shadow imp (D:7)
  A white imp (D:8)
  2 ufetubi (D:5)
  A worm (D:3)
  5 dart slugs
  39 orcs
  5 endoplasms
  A giant cockroach (D:1)
  10 hobgoblins
  17 kobolds
  2 quokkas
  3 bats
  A frilled lizard (D:2)
  8 goblins
  6 rats
283 creatures vanquished.

Vanquished Creatures (others)
  An unseen horror (D:7)
  4 fungi
  4 plants (Lair:2)
9 creatures vanquished.

Grand Total: 292 creatures vanquished

Notes
Turn   | Place    | Note
-------+----------+-------------------------------------------
     0 | D:1      | Gengis the Minotaur Hunter began the quest for the Orb.
     0 | D:1      | Reached XP level 1. HP: 18/18 MP: 0/0
   342 | D:1      | Reached skill level 1 in Stealth
   342 | D:1      | Reached XP level 2. HP: 25/25 MP: 1/1
   767 | D:2      | Reached skill level 5 in Bows
   890 | D:2      | Found a faded altar of an unknown god.
   917 | D:2      | Became a worshipper of Uskayaw the Reveller
   917 | D:2      | Reached * piety under Uskayaw
  1064 | D:2      | Found Ephedim's Distillery.
  1165 | D:2      | Reached XP level 3. HP: 30/30 MP: 2/2
  1329 | D:2      | Reached ** piety under Uskayaw
  1808 | D:3      | Reached XP level 4. HP: 37/37 MP: 3/3
  1918 | D:3      | Found a runed translucent door.
  1940 | D:3      | Noticed mcbry74's ghost (amateur MfTm)
  1953 | D:3      | Reached skill level 1 in Armour
  2001 | D:3      | Reached *** piety under Uskayaw
  2005 | D:3      | Killed mcbry74's ghost
  2006 | D:3      | Reached skill level 6 in Bows
  2006 | D:3      | Reached XP level 5. HP: 24/45 MP: 1/4
  2891 | D:4      | Reached skill level 7 in Bows
  2891 | D:4      | Reached XP level 6. HP: 51/51 MP: 5/5
  2906 | D:4      | Found a radiant altar of Vehumet.
  3143 | D:4      | Found a staircase to the Ecumenical Temple.
  3157 | Temple   | Entered the Ecumenical Temple
  3161 | Temple   | Fell from the grace of Uskayaw
  3161 | Temple   | Became a worshipper of Gozag Ym Sagoz the Greedy
  3488 | D:4      | Noticed Eustachio
  3532 | D:4      | Killed Eustachio
  3533 | D:4      | Reached skill level 1 in Axes
  3533 | D:4      | Reached XP level 7. HP: 42/60 MP: 6/6
  4086 | D:5      | Entered Level 5 of the Dungeon
  4107 | D:5      | Found a shadowy altar of Dithmenos.
  4156 | D:5      | Reached skill level 8 in Bows
  4238 | D:5      | Paralysed by the fury of Uskayaw for 3 turns
  4528 | D:5      | Reached skill level 5 in Fighting
  4722 | D:5      | Reached skill level 1 in Polearms
  4722 | D:5      | Reached XP level 8. HP: 69/69 MP: 7/7
  5331 | D:6      | Reached skill level 9 in Bows
  5418 | D:6      | Found a glowing silver altar of Zin.
  5659 | D:6      | Found a sparkling altar of Nemelex Xobeh.
  5661 | D:6      | Found a glowing golden altar of the Shining One.
  5665 | D:6      | Found a blossoming altar of Fedhas.
  5783 | D:6      | Found a runed translucent door.
  5784 | D:6      | Noticed Zappman123's ghost (novice PaAK)
  5853 | D:6      | Killed Zappman123's ghost
  6006 | D:6      | Found a shimmering altar of Xom.
  6053 | D:6      | Found a sacrificial altar of Ru.
  6152 | D:6      | Found a hide-covered altar of Uskayaw.
  6338 | D:7      | Reached skill level 5 in Armour
  6338 | D:7      | Reached XP level 9. HP: 73/78 MP: 8/8
  6349 | D:7      | Reached skill level 10 in Bows
  7113 | D:7      | Reached skill level 5 in Polearms
  7168 | D:7      | Identified the ring of the Shouting Coward {Fire Will+
                  | Str+3 Int+3 Dex-2}
  7222 | D:7      | Was forgiven by Uskayaw
  7231 | D:7      | Noticed a troll
  7248 | D:7      | Killed a troll
  7270 | D:7      | HP: 3/80 [something (9)]
  7958 | D:7      | Identified the +1 chain mail "Xeorerot" {Contam Str-4
                  | Slay+5 SInv}
  8019 | D:7      | Noticed a cyclops
  8275 | D:7      | Noticed an unseen horror
  8290 | D:7      | Killed an unseen horror
  8368 | D:6      | Reached XP level 10. HP: 43/88 MP: 9/9
  8596 | D:7      | Reached skill level 11 in Bows
  8789 | D:7      | Noticed a two-headed ogre
  8866 | D:7      | Noticed a cyan ugly thing
  9413 | D:7      | You fall into a shaft and drop 2 floors!
  9594 | D:8      | Noticed a cyclops
  9604 | D:8      | Killed a cyclops
  9935 | D:8      | Found Quruv's Antique Weapon Shoppe.
  9956 | D:8      | Reached skill level 12 in Bows
  9978 | D:8      | Bought a runed great sword for 275 gold pieces
 10035 | D:8      | Noticed Maurice
 10048 | D:8      | Killed Maurice
 10275 | D:8      | Reached skill level 1 in Long Blades
 10507 | D:8      | Found a staircase to the Lair.
 10592 | D:8      | Noticed a two-headed ogre
 10596 | D:8      | Noticed a two-headed ogre
 10596 | D:8      | Noticed a manticore
 10599 | D:8      | Noticed a five-headed hydra
 10628 | D:8      | Found Quigge's Book Shop.
 10962 | D:7      | Got the Compendium of Floating Attacks
 10998 | D:7      | Noticed a boulder beetle
 11307 | D:6      | Identified a scroll of acquirement
 11307 | D:6      | Acquired 1048 gold pieces
 11335 | D:6      | Bought a +3 plate armour of willpower for 540 gold pieces
 11348 | D:6      | Gained mutation: You have sharp toenails. [mutagenic glow]
 11427 | D:7      | Killed a two-headed ogre
 11428 | D:7      | Reached XP level 11. HP: 76/95 MP: 10/10
 11556 | D:7      | Reached skill level 13 in Bows
 11581 | D:7      | Identified the +9 storm dragon scales of Miqyo {rElec rPois
                  | rF+ Dex+4}
 11892 | D:7      | Killed a cyan ugly thing
 12108 | D:8      | Killed a five-headed hydra
 12109 | D:8      | Reached skill level 5 in Dodging
 12195 | D:8      | Killed a two-headed ogre
 12427 | D:8      | Killed a two-headed ogre
 12881 | Lair:1   | Entered Level 1 of the Lair of Beasts
 12881 | Lair:1   | Noticed an eight-headed hydra
 12889 | Lair:1   | Killed an eight-headed hydra
 12890 | Lair:1   | Reached skill level 14 in Bows
 13746 | Lair:1   | Identified the +3 hunting sling "Bocapex" {freeze, Will+}
 13799 | Lair:1   | Got the Grimoire of the Flying Arsonist
 14293 | Lair:2   | Reached skill level 10 in Fighting
 14293 | Lair:2   | Reached XP level 12. HP: 62/106 MP: 11/11
 14527 | Lair:2   | Noticed an eight-headed hydra
 14538 | Lair:2   | Killed an eight-headed hydra
 14563 | Lair:2   | Noticed a five-headed hydra
 14564 | Lair:2   | Noticed Prince Ribbit
 15287 | D:2      | Bought a potion of berserk rage for 60 gold pieces
 15287 | D:2      | Bought a potion of mutation for 96 gold pieces
 15287 | D:2      | Bought a potion of curing for 36 gold pieces
 15287 | D:2      | Bought a potion of curing for 36 gold pieces
 16054 | D:9      | Identified the +7 long sword of Conscience {protect, rPois}
 16642 | D:10     | Entered Level 10 of the Dungeon
 16673 | D:10     | Noticed a two-headed ogre
 16680 | D:10     | Killed a two-headed ogre
 16681 | D:10     | Reached skill level 5 in Long Blades
 16876 | D:10     | Noticed a two-headed ogre
 16882 | D:10     | Killed a two-headed ogre
 16883 | D:10     | Reached skill level 1 in Shields
 17019 | D:10     | Got Qattu's Incunabulum of Feathers and the Compass
 17056 | D:10     | Found a staircase to the Orcish Mines.
 17450 | D:10     | Found a snail-covered altar of Cheibriados.
 17487 | D:10     | Found a portal to a secret trove of treasure.
 17894 | Orc:1    | Entered Level 1 of the Orcish Mines
 17974 | Orc:2    | Entered Level 2 of the Orcish Mines
 18040 | Orc:2    | Found a staircase to the Elven Halls.
 18190 | Orc:2    | Found Warieb's Weapon Boutique.
 18190 | Orc:2    | Noticed a two-headed ogre
 18254 | Orc:2    | Noticed an ogre mage
 18261 | Orc:2    | Killed an ogre mage
 18264 | Orc:2    | Reached skill level 5 in Shields
 18264 | Orc:2    | Noticed an ogre mage
 18273 | Orc:2    | Killed an ogre mage
 18289 | Orc:2    | Noticed a two-headed ogre
 18291 | Orc:2    | Noticed a two-headed ogre
 18302 | Orc:2    | Noticed an ettin
 18303 | Orc:2    | Killed a two-headed ogre
 18519 | Orc:1    | Mangled by an ettin

Illustrated notes

Levels and vault maps discovered:
D:1:      roderic_crossed_star, layout_basic, interstate_on_off
D:2:      layout_basic, serial_shops, shop,
          shapermc_ecumenical_altar_mp_highgroup
D:3:      layout_basic, ebering_ghost_sewer_d, minmay_quadrilaterals
D:4:      layout_basic, nicolae_vehumet_radiance,
          minmay_temple_entry_antechambers, minmay_pentomino_pile,
          uniq_eustachio
D:5:      layout_loops_ring, mainiacjoe_overflow_brackets, minivault_26,
          grunt_decor_fettered, minmay_fractal_squares_gapless_5
D:6:      layout_cave_pools, grunt_temple_overflow_open,
          mainiacjoe_overflow_tiny_flanked, amethyst_overflow_temple_binary,
          gammafunk_ghost_grave
D:7:      minmay_the_grid_triangle_9x9_rhombus_thin
          [minmay_the_grid_triangle_9x9_flanged_cone,
          minmay_the_grid_triangle_9x9_prize_insulated,
          minmay_the_grid_triangle_9x9_sparse_checkered,
          minmay_the_grid_triangle_9x9_longest], layout_gridville,
          minmay_joined_circles
D:8:      layout_basic, lair_entry_dummy, serial_shops, nicolae_lakefront_shop,
          nicolae_shop_crystal, enter_bailey_7, st_stairs_14,
          minmay_pinched_square, uniq_maurice
D:9:      layout_irregular_city, minivault_5
D:10:     layout_gridville, kennysheep_slug_shrine, erik_orc_1,
          nicolae_trove_entry_free_sample
Temple:   nicolae_temple_x_marks_the_god
Lair:1:   layout_cave_shapes
Lair:2:   layout_roguey, spider_nest_entry_rubble, gammafunk_ghost_necromancy,
          lemuel_fruit_fields, uniq_sonja, uniq_gastronok, uniq_prince_ribbit2
Orc:1:    layout_caves, minmay_orc_barracks
Orc:2:    st_orc_open, layout_caves, basic_altar, mines2_david

Skill      XL: |  1  2  3  4  5  6  7  8  9 10 11 12 |
---------------+-------------------------------------+-----
Stealth        | 1 2 |  2.5
Bows           | 5 6 7 8 9 10 12 14 | 14.8
Armour         | 1 2 3 5 6 7 8 9 |  9.6
Fighting       | 3 4 5 6 8 10 | 10.5
Axes           | 1 3 |  3.1
Polearms       | 1 3 6 |  6.3
Dodging        | 3 4 6 |  6.5
Long Blades    | 2 4 7 |  7.5
Shields        | 6 |  6.1
Evocations     | |  0.7

Action                   |  1- 3 |  4- 6 |  7- 9 | 10-12 || total
-------------------------+-------+-------+-------+-------++-------
Melee: Spear             |       |       |   204 |     2 ||   206
       Headbutt          |       |       |    46 |     5 ||    51
       Long sword        |       |       |       |     5 ||     5
       Great sword       |       |       |       |     3 ||     3
 Fire: Shortbow          |    75 |   136 |   199 |   735 ||  1145
Invok: Stomp             |       |     1 |       |       ||     1
       Potion Petition   |       |       |       |     1 ||     1
       Call Merchant     |       |       |       |     1 ||     1
Evoke: Wand              |       |       |     1 |     7 ||     8
  Use: Scroll            |     1 |     7 |    11 |     8 ||    27
       Potion            |       |       |    11 |     5 ||    16
 Stab: Distracted        |       |       |     3 |       ||     3
Armor: Leather armour    |     1 |       |       |       ||     1
       Ring mail         |     7 |    12 |       |       ||    19
       Chain mail        |       |    31 |   239 |    43 ||   313
       Plate armour      |       |       |       |   148 ||   148
Dodge: Dodged            |    17 |    23 |    87 |   190 ||   317
